 Dungeon Crawl Stone Soup version 0.29.1-1-gd02db6906a (webtiles) character file.

Game seed: 16501256162806293289

4 MuMoEnjoyer the Caller (level 1, 0/7 HPs)
             Began as a Felid Summoner on Oct 17, 2022.
             Frozen to death by an endoplasm (4 damage)
             ... on level 1 of the Dungeon.
             The game lasted 00:02:50 (249 turns).

MuMoEnjoyer the Caller (Felid Summoner)              Turns: 249, Time: 00:02:51

Health: 0/7        AC:  1    Str:  4    XL:     1   Next: 50%
Magic:  2/4        EV: 17    Int: 16    God:
Gold:   0          SH:  0    Dex: 16    Spells: 3/4 levels left
                                        Lives:  0   Deaths: 0

rFire   . . .      SeeInvis +   (weapon unavailable)
rCold   . . .      Faith    .   (shield unavailable)
rNeg    . . .      Spirit   .   (body armour unavailable)
rPois   .          Reflect  .   (helmet unavailable)
rElec   .          Harm     .   (cloak unavailable)
rCorr   .          Rampage  .   (gloves unavailable)
Will    .....                   (boots unavailable)
Stlth   ++........              (no amulet)
HPRegen 0.02/turn               (no ring)
MPRegen 0.09/turn               (no ring)

@: quick
A: very small, claws 1, fangs 3, see invisible, speed 1, shaggy fur 1, stealthy
paws, no weapons or thrown items, no armour, multi-lived
a: no special abilities


You were on level 1 of the Dungeon.
You visited 1 branch of the dungeon, and saw 1 of its levels.

Inventory:

Potions
 a - a potion of magic


   Skills:
 - Level 2.6 Dodging
 - Level 2.6 Stealth
 - Level 2.0 Spellcasting
 * Level 4.2 Summonings


You had 3 spell levels left.
You knew the following spells:

 Your Spells              Type           Power      Damage    Failure   Level
a - Summon Small Mammal   Summ           60%        N/A       3%          1

Your spell library contained the following spells:

 Spells                   Type           Power      Damage    Failure   Level
 Call Imp                 Summ           15%        N/A       5%          2
 Call Canine Familiar     Summ           15%        N/A       11%         3
 Summon Guardian Golem    Hex/Summ       8%         N/A       26%         3
 Summon Lightning Spire   Summ/Air       8%         N/A       65%         4


Dungeon Overview and Level Annotations

Branches:
Dungeon (1/15)

Altars:


Innate Abilities, Weirdness & Mutations

You have sharp claws.
You have razor-sharp teeth.
You have supernaturally acute eyesight. (SInv)
You cover ground quickly. (Speed+)
You are covered in fur. (AC +1)
Your paws help you pounce on unaware monsters.
You are incapable of wielding weapons or throwing items.
You cannot wear armour.
You gain extra lives every three experience levels.


Message History

Your bat barely misses the bat.
The bat closely misses your bat.
Your bat hits the bat. The bat hits your bat.
Your bat misses the bat.
Your bat barely misses the bat.
Your bat misses the bat. The bat closely misses your bat. x2
The bat closely misses your bat.
Your bat hits the bat.
The bat dies!
Your bat hits the endoplasm.
The endoplasm quivers.
Your bat hits the endoplasm.
Your bat hits the endoplasm but does no damage.
The endoplasm completely misses your bat.
Your bat hits the endoplasm but does no damage.
Your bat hits the endoplasm but does no damage. x2
Your bat barely misses the endoplasm.
Your bat hits the endoplasm but does no damage.
The endoplasm hits your bat.
Your bat barely misses the endoplasm.
Your bat hits the endoplasm.
Your bat hits the endoplasm but does no damage. x2
Your bat hits the endoplasm.
Your bat hits the endoplasm but does no damage.
Your bat hits the endoplasm but does no damage. x2
Your bat barely misses the endoplasm.
Your bat hits the endoplasm. The endoplasm freezes your bat.
Your bat is frozen.
Your bat dies!
Your bat's corpse disappears in a puff of smoke!
The endoplasm quivers.
Your bat disappears in a puff of smoke!
Casting: Summon Small Mammal (safe; 3% risk of failure)
Press: ? - help, Q - select action Dir - look around, f - activate The endoplasm freezes you.
You are frozen.
Casting: Summon Small Mammal (safe; 3% risk of failure)
Press: ? - help, Q - select action Dir - look around, f - activate Your bat hits the endoplasm.
Your bat hits the endoplasm but does no damage.
The endoplasm freezes you.
You are frozen.
Ouch! That really hurt!
You die...

######### ........#
....§...# #####
.....§..# #....
......!.############....
....?§..........).......
......J@##########......
.....rb.####(((((###....
........##(.((..((.##...
.######.+....(8(....'.##
####(.(((..((####
###(..(.### ###'###
##.((..## #...<...#


You could see an endoplasm (ally target), a friendly quokka (summoned) and a
friendly bat (summoned).

Vanquished Creatures (collateral kills)
  A bat (D:1)
  2 endoplasms (D:1)
3 creatures vanquished.

Notes
Turn   | Place    | Note
-------+----------+-------------------------------------------
     0 | D:1      | MuMoEnjoyer the Felid Summoner began the quest for the Orb.
     0 | D:1      | Reached XP level 1. HP: 7/7 MP: 4/4
   249 | D:1      | Frozen to death by an endoplasm

Illustrated notes

Levels and vault maps discovered:
D:1:      minmay_arrival_shattered_statue, layout_rooms

Action                   || total
-------------------------++-------
 Cast: Summon Small Mamm ||    11
Dodge: Dodged            ||     1
